 Dungeon Crawl Stone Soup version 0.20.1-1-g8b1a95d (webtiles) character file.

114 Dawnplanks the Chopper (level 4, 0/41 HPs)
             Began as a Hill Orc Berserker on Nov 25, 2017.
             Was a Believer of Trog.
             Slain by an iguana (2 damage)
             ... on level 3 of the Dungeon.
             The game lasted 00:08:07 (1200 turns).

Dawnplanks the Chopper (Hill Orc Berserker)         Turns: 1200, Time: 00:08:07

Health: 0/41       AC:  8    Str: 20    XL:     4   Next: 98%
Magic:  4/4        EV:  3    Int:  7    God:    Trog [**....]
Gold:   117        SH: 11    Dex: 10    Spells: 3/3 levels left

rFire    + . .     SeeInvis .   a - +0 hand axe
rCold    . . .     Gourm    .   v - +0 large shield
rNeg     . . .     Faith    .   r - +0 chain mail
rPois    .         Spirit   .   (no helmet)
rElec    .         Reflect  .   (no cloak)
rCorr    .         Harm     .   (no gloves)
MR       .....     Rnd*Tele +   (no boots)
Stlth    ..........             (no amulet)
Regen    0.2/turn               f - ring of teleportation (curse)
MPRegen  0.1/turn               s - ring of protection from fire

@: no status effects
A: no striking features
a: Berserk, Trog's Hand, Burn Spellbooks, Renounce Religion


You were on level 3 of the Dungeon.
You worshipped Trog.
Trog was pleased with you.
You were not hungry.

You visited 1 branch of the dungeon, and saw 3 of its levels.

You collected 117 gold pieces.

Inventory:

Hand Weapons
 a - a +0 hand axe (weapon)
Missiles
 i - 5 steel javelins
 q - a throwing net (quivered)
Armour
 b - a +0 animal skin
 r - a +0 chain mail (worn)
 v - a +0 large shield (worn)
Jewellery
 f - a cursed ring of teleportation (left hand)
 s - a ring of protection from fire (right hand)
Scrolls
 e - a scroll of enchant armour {unknown}
 g - 3 scrolls of identify {unknown}
 n - a scroll of fear {unknown}
 o - 2 scrolls of remove curse {unknown}
 u - a scroll of random uselessness {unknown}
 w - a scroll of magic mapping {unknown}
 x - a scroll of amnesia {unknown}
Potions
 d - a potion of haste {unknown}
 h - a potion of heal wounds {unknown}
 j - a potion of might {unknown}
 p - a potion of curing {unknown}
 t - a potion of berserk rage {unknown}
 z - a potion of agility {unknown}
Comestibles
 c - a bread ration
 k - a meat ration
 l - 3 royal jellies
 m - a fruit


   Skills:
 + Level 4.4 Fighting
 + Level 5.7 Axes
 + Level 2.4 Armour
 + Level 2.4 Dodging
 + Level 0.1 Stealth


You had 3 spell levels left.
You didn't know any spells.

Dungeon Overview and Level Annotations

Branches:
Dungeon (3/15)

Altars:


Message History

You hit the iguana.
The iguana bites you but does no damage.
You closely miss the iguana.
The iguana is lightly wounded.
The iguana bites you!
* * * LOW HITPOINT WARNING * * *
Okay, then.
You hit the iguana.
The iguana is moderately wounded.
The iguana bites you but does no damage.
You closely miss the iguana.
The iguana is moderately wounded.
The iguana bites you but does no damage.
Your shield and chain mail prevent you from hitting the iguana.
The iguana is moderately wounded.
The iguana barely misses you.
You hit the iguana.
The iguana is moderately wounded.
The iguana bites you.
You die...

#.##)....# ..
#...# #.# ..)....
#.##...#### #..
..#..##
#.........# #.#
#.. ...
..........## #.#
##. ## .........#
#.. .. #...##..#
## .# #.†.##..#
#...)@..#
#.......##l##.#
................
......$....####.#
............ ...
#.........## ###
#...(....##
#.......##


You could see an iguana.

Vanquished Creatures
  Jessica (D:2)
  2 adders (D:2)
  A worm (D:2)
  A dart slug (D:2)
  4 leopard geckos
  3 orcs (D:3)
  8 bats
  4 giant cockroaches
  6 goblins
  5 hobgoblins
  2 jackals (D:1)
  4 kobolds
  A quokka (D:3)
  A ball python (D:1)
  4 frilled lizards
  9 rats
56 creatures vanquished.

Notes
Turn   | Place    | Note
-------+----------+-------------------------------------------
     0 | D:1      | Dawnplanks the Hill Orc Berserker began the quest for the Orb.
     0 | D:1      | Reached XP level 1. HP: 19/19 MP: 1/1
    63 | D:1      | Reached XP level 2. HP: 20/27 MP: 2/2
   245 | D:1      | Reached XP level 3. HP: 32/33 MP: 3/3
   370 | D:1      | Reached ** piety under Trog
   691 | D:2      | Noticed Jessica
   706 | D:2      | Killed Jessica
   706 | D:2      | Reached skill level 5 in Axes
   706 | D:2      | Reached XP level 4. HP: 19/40 MP: 4/4
  1196 | D:3      | HP: 2/41 [iguana (11)]
  1200 | D:3      | Slain by an iguana

Skill      XL: |  1  2  3 |
---------------+----------+-----
Fighting       | 4 |  4.4
Dodging        | 2 |  2.4
Axes           | 5 |  5.7
Armour         | |  2.4
Stealth        | |  0.1

Action                   |  1- 3 |  4- 6 || total
-------------------------+-------+-------++-------
Melee: Hand axe          |    97 |    57 ||   154
  Eat: Meat ration       |       |     1 ||     1
Armor: Animal skin       |    22 |       ||    22
       Chain mail        |    16 |    24 ||    40
Dodge: Dodged            |    75 |    15 ||    90
Block: Large shield      |       |    18 ||    18
